Khor, chaotic male elven Wizard ----- |...| |.@.| | --...| |.... -- |..h.--- -- | |................<......%..| ----................?......- ----......G.........-- .| --.........--.---- - ---....... .| ---....- -- --... ---. Khor the Conjurer Experience level: 4 Strength: 9 Dexterity: 10 Constitution: 10 Intelligence: 18 Wisdom: 21 Charisma: 8 Health: 22(25) Energy: 78(78) Def: 1 Gold: 815 Moves: 1210 Dungeon seed: 4V22tEO8i3HihpYp Game ID: Khor_1453987868 Your Inventory: Coins $ - 815 gold pieces Weapons a - a blessed +1 quarterstaff (weapon in hands) Armor e - an uncursed +0 cloak of magic resistance (being worn) Comestibles j - an uncursed lembas wafer o - 2 uncursed cream pies H - an uncursed lichen corpse Rings k - a blessed +1 ring of increase accuracy t - an uncursed ring of warning w - a cursed ring of levitation Wands d - an uncursed wand of nothing (0:6) l - an uncursed wand of create monster (0:10) v - an uncursed wand of enlightenment (0:14) A - an uncursed wand of enlightenment (0:10) B - an uncursed wand of striking (0:6) Tools b - an uncursed sack f - an uncursed wooden harp p - an uncursed +0 pick-axe C - an uncursed bugle E - 3 uncursed wax candles (0:400) Contents of the sack: an uncursed scroll of destroy armor an uncursed scroll of identify an uncursed scroll of magic mapping an uncursed scroll of scare monster an uncursed scroll of teleportation a cursed scroll of teleportation a blessed scroll of water an uncursed scroll of water an uncursed spellbook of extra healing a blessed spellbook of force bolt an uncursed spellbook of jumping an uncursed spellbook of sleep an uncursed potion of object detection an uncursed potion of speed 2 potions of unholy water Spells and supernatural/magical abilities: Name Level Category Fail Memory a - force bolt 1 attack 0% 94% j - jumping 1 escape 0% 99% x - extra healing 3 healing 85% 96% z - sleep 1 enchantment 0% 94% W - pray for help -- divine ? -- Your skills at the end: Miscellaneous Skills wands [Basic] Weapon Skills quarterstaff [Basic] Spellcasting Skills attack spells [Basic] enchantment spells [Basic] Final Attributes: You were piously aligned. You were sleep resistant. You were magic-protected. You had infravision. You survived. Vanquished creatures: a gnome lord 3 dwarves a giant bat 2 werejackals a hobbit a yellow mold 5 gnomes a kobold 5 newts 2 goblins 5 grid bugs 3 lichens a kobold zombie 31 creatures vanquished. Voluntary challenges: You did not adorn yourself with jewelry or accessories. You were an atheist. You used a wielded weapon 20 times, starting on turn 3. You did not apply a unicorn horn. You read items or engraved 13 times, starting on turn 240. You never genocided any monsters. You never polymorphed an object. You never changed form. You used no wishes. You never split a pudding. You never wrote Elbereth's name. You never violated your personal moral code. Dungeon overview: The Dungeons of Doom: levels 1 to 5 Level 1 a long staircase Level 2 a fountain, a sink stairs to The Gnomish Mines Level 3 some fountains Level 4 a fountain Level 5 a fountain The Gnomish Mines: levels 3 to 4 Level 3 stairs to The Dungeons of Doom Level 4 <- You were here History has recorded: On T:1 you entered the Dungeons of Doom to retrieve the Amulet of Yendor! On T:224 you reached level 2 of The Dungeons of Doom. On T:284 you reached level 3 of The Dungeons of Doom. On T:328 you reached level 4 of The Dungeons of Doom. On T:385 you advanced to experience level 2. On T:402 you reached level 5 of The Dungeons of Doom. On T:726 you advanced to experience level 3. On T:1079 you reached level 1 of The Gnomish Mines. On T:1084 you advanced to experience level 4. On T:1200 you reached level 2 of The Gnomish Mines. Score breakdown: Gold: 815 ( 81 points) Experience: 4 levels ( 300 points) Exploration: 5 levels ( 120 points) Discoveries: 5 items ( 250 points) Variety of kills: 13 monsters ( 650 points) Major goal: (nothing yet) ( 0 points) Survival: quit (score multiplied by 3) Total score: 4203 Latest messages: Final status: Goodbye Khor the Wizard, quit... You quit in The Gnomish Mines on dungeon level 4 with 4203 points, and 815 pieces of gold, after 1210 moves. You were level 4 with a maximum of 25 hit points when you quit.